[Event "Titled Tuesday Blitz July 25 Late 2023"]
[White "Szyszylo, Rafal"]
[Black "Pinero Rodriguez, Carlos Jose"]
[WhiteFideId "1109626"]
[BlackFideId "3901726"]
[WhiteElo "2446"]
[BlackElo "2615"]
[Result "0-1"]
[Round "3"]
[TimeControl "180+2"]
[Date "2023.07.25"]
[WhiteClock "0:02:51"]
[BlackClock "0:02:54"]
[Board "82"]

1. e4 c5 2. Nc3 e6 3. Nf3 a6 4. d4 cxd4 5. Nxd4 Qc7 6. Bd3 Nf6 7. O-O h5 8. h3 Bc5 9. Nb3 Ng4 10. Qe2 Qh2# 0-1


[Site "https://www.chess.com"]

[Event "Titled Tuesday Blitz July 25 Late 2023"]
[White "Ismayil, Malak"]
[Black "Czernek, Tymon"]
[WhiteFideId "13412604"]
[BlackFideId "1199510"]
[WhiteElo "2445"]
[BlackElo "2610"]
[Result "0-1"]
[Round "3"]
[TimeControl "180+2"]
[Date "2023.07.25"]
[WhiteClock "0:00:06"]
[BlackClock "0:01:15"]
[Board "83"]

1. e4 c5 2. Nf3 d6 3. Bb5+ Bd7 4. Bxd7+ Qxd7 5. c4 Nf6 6. Nc3 g6 7. O-O Bg7 8. d4 cxd4 9. Nxd4 O-O 10. Re1 Nc6 11. Nc2 Rac8 12. h3 Nh5 13. c5 Rfd8 14. cxd6 Qxd6 15. Qxd6 Rxd6 16. Bg5 Rcd8 17. Nd5 f6 18. Be3 f5 19. Bg5 Kf7 20. Nc3 h6 21. Be3 f4 22. Bc5 Rd2 23. Rac1 b6 24. Ba3 g5 25. Nd5 e6 26. Nc3 Ne5 27. Red1 f3 28. Rxd2 Rxd2 29. Ne1 Nf4 30. Nd1 Ne2+ 0-1


[Site "https://www.chess.com"]

[Event "Titled Tuesday Blitz July 25 Late 2023"]
[White "Hamedi Nia, Vesal"]
[Black "ArtemDyachuk"]
[WhiteFideId "12542253"]
[WhiteElo "2444"]
[BlackElo "2609"]
[Result "1-0"]
[Round "3"]
[TimeControl "180+2"]
[Date "2023.07.25"]
[WhiteClock "0:00:21"]
[BlackClock "0:00:02"]
[Board "84"]

1. d4 Nf6 2. c4 e6 3. Nf3 c5 4. d5 d6 5. Nc3 exd5 6. cxd5 g6 7. Bg5 Bg7 8. Nd2 h6 9. Bh4 g5 10. Bg3 Nh5 11. e4 Nxg3 12. hxg3 O-O 13. Bd3 Nd7 14. O-O Ne5 15. Be2 f5 16. f4 gxf4 17. gxf4 Ng4 18. Bxg4 fxg4 19. Qe1 h5 20. g3 b5 21. Kg2 b4 22. Nd1 h4 23. gxh4 Ba6 24. Qg3 Bxf1+ 25. Nxf1 Qf6 26. f5 Bh6 27. Nf2 Qxb2 28. Re1 Qe5 29. Qxg4+ Kh8 30. Qh5 Rg8+ 31. Kh3 Qf4 32. Nd3 Qg4+ 33. Qxg4 Rxg4 34. Kxg4 a5 35. f6 c4 36. Nf4 b3 37. axb3 cxb3 38. Ng6+ Kh7 39. h5 a4 40. e5 dxe5 41. Rxe5 Bf8 42. Nxf8+ Rxf8 43. Re7+ Kh6 44. Kf5 b2 45. Rb7 a3 46. Ne3 a2 47. Ng4+ Kxh5 48. Rh7# 1-0


[Site "https://www.chess.com"]

[Event "Titled Tuesday Blitz July 25 Late 2023"]
[White "Necromon"]
[Black "Ponizil, Cyril"]
[BlackFideId "322202"]
[WhiteElo "2442"]
[BlackElo "2609"]
[Result "0-1"]
[Round "3"]
[TimeControl "180+2"]
[Date "2023.07.25"]
[WhiteClock "0:00:07"]
[BlackClock "0:01:31"]
[Board "85"]

1. Nf3 Nf6 2. c4 e6 3. b3 b6 4. Bb2 Bb7 5. Nc3 Be7 6. g3 Bxf3 7. exf3 O-O 8. Bg2 c5 9. d4 cxd4 10. Qxd4 Nc6 11. Qe3 d5 12. Qe2 d4 13. Ne4 Bb4+ 14. Kf1 d3 15. Qe3 Nxe4 16. fxe4 e5 17. Rd1 d2 18. a3 Bc5 19. Qxd2 Qf6 20. f3 Rad8 21. Qc2 Rxd1+ 22. Qxd1 Rd8 23. Qc2 Qe7 24. Ke2 Bxa3 25. Rd1 Bxb2 26. Qxb2 Rxd1 27. Kxd1 Qc5 28. Bf1 Qg1 29. Qe2 Nd4 30. Qd3 Qxh2 31. f4 Qb2 32. fxe5 Qxb3+ 33. Qxb3 Nxb3 34. Kc2 Nc5 35. Bg2 Kf8 36. Kc3 Ke7 37. Kd4 a5 38. Bf3 a4 39. Bd1 a3 40. Kc3 Nxe4+ 41. Kb3 a2 0-1


[Site "https://www.chess.com"]

[Event "Titled Tuesday Blitz July 25 Late 2023"]
[White "Moore, Nicholas"]
[Black "Suvorov, Alexander"]
[WhiteFideId "4303709"]
[BlackFideId "12977063"]
[WhiteElo "2441"]
[BlackElo "2606"]
[Result "1-0"]
[Round "3"]
[TimeControl "180+2"]
[Date "2023.07.25"]
[WhiteClock "0:00:11"]
[BlackClock "0:00:07"]
[Board "86"]

1. c4 e5 2. g3 Nc6 3. Bg2 Bc5 4. Nc3 a6 5. e3 d6 6. Nge2 Ba7 7. O-O h5 8. d4 h4 9. Re1 Nge7 10. Rb1 Bg4 11. h3 Bf5 12. e4 exd4 13. exf5 dxc3 14. g4 cxb2 15. Bxb2 O-O 16. f6 Ng6 17. fxg7 Re8 18. Qd2 Kh7 19. Nf4 Qg5 20. Be4 Rxe4 21. Rxe4 Nce5 22. Kg2 Re8 23. Rbe1 Bc5 24. Bc1 Nxg4 25. hxg4 Qxg4+ 26. Kf1 Rxe4 27. Rxe4 Qf3 28. Re8 Ne5 29. g8=Q+ 1-0


[Site "https://www.chess.com"]

[Event "Titled Tuesday Blitz July 25 Late 2023"]
[White "Ladan, Nicholas"]
[Black "Zavgorodniy, Sergiy"]
[WhiteFideId "30918855"]
[BlackFideId "14110148"]
[WhiteElo "2440"]
[BlackElo "2604"]
[Result "0-1"]
[Round "3"]
[TimeControl "180+2"]
[Date "2023.07.25"]
[WhiteClock "0:00:00"]
[BlackClock "0:00:28"]
[Board "87"]

1. d4 d5 2. c4 dxc4 3. Nf3 Nf6 4. e3 e6 5. Bxc4 a6 6. O-O b5 7. Bd3 Bb7 8. a4 b4 9. Nbd2 Nbd7 10. Nb3 c5 11. Bd2 cxd4 12. Nfxd4 Be7 13. Rc1 O-O 14. Qe1 Ne5 15. Be2 a5 16. Nc5 Bxc5 17. Rxc5 Qd6 18. Rb5 Bd5 19. Nf3 Nxf3+ 20. Bxf3 Bxf3 21. gxf3 Rfd8 22. Bc1 Qd3 23. Kh1 Qb3 24. Qe2 Qxa4 25. Rg5 Rac8 26. Rfg1 g6 27. Qa6 Rc2 28. Rxa5 Qd7 29. Kg2 Rdc8 30. Ra1 Qd5 31. h4 Ng4 32. Rf1 Ne5 33. e4 Qd8 34. Bg5 Qc7 35. Rad1 Kg7 36. Bf4 Qc5 37. Qd6 Qxd6 38. Rxd6 Nc4 39. Rd7 e5 40. Bg5 h6 41. Bc1 Nxb2 42. Be3 Nc4 43. Bc5 Rxc5 44. Ra1 Na3 0-1


[Site "https://www.chess.com"]

[Event "Titled Tuesday Blitz July 25 Late 2023"]
[White "SergioMoralesG"]
[Black "Principe, Gerson"]
[BlackFideId "3804550"]
[WhiteElo "2440"]
[BlackElo "2602"]
[Result "0-1"]
[Round "3"]
[TimeControl "180+2"]
[Date "2023.07.25"]
[WhiteClock "0:00:00"]
[BlackClock "0:00:15"]
[Board "88"]

1. d4 Nf6 2. c4 e6 3. Nf3 b6 4. g3 Bb7 5. Bg2 Be7 6. O-O O-O 7. Re1 d5 8. Ne5 c5 9. Nc3 Nbd7 10. Nxd7 Qxd7 11. dxc5 Bxc5 12. Bg5 d4 13. Bxb7 Qxb7 14. Bxf6 gxf6 15. Nb1 Rad8 16. Nd2 Bb4 17. a3 Bxd2 18. Qxd2 Qe4 19. Rac1 Rd7 20. b4 Rc8 21. Red1 e5 22. f3 Qf5 23. Qd3 Qg6 24. Rc2 Rdc7 25. Rdc1 f5 26. e4 fxe4 27. Qxe4 Qe6 28. c5 f5 29. Qh4 d3 30. Qg5+ Kh8 31. Rd2 e4 32. fxe4 fxe4 33. Re1 Rd7 34. Qf4 Re8 35. cxb6 axb6 36. Rf1 e3 0-1


[Site "https://www.chess.com"]

[Event "Titled Tuesday Blitz July 25 Late 2023"]
[White "Salik, Serkan"]
[Black "Serban, Cristian-Stefan"]
[WhiteFideId "30952492"]
[BlackFideId "1241443"]
[WhiteElo "2601"]
[BlackElo "2440"]
[Result "1-0"]
[Round "3"]
[TimeControl "180+2"]
[Date "2023.07.25"]
[WhiteClock "0:00:04"]
[BlackClock "0:00:02"]
[Board "89"]

1. d4 g6 2. e4 Bg7 3. f4 c6 4. Nf3 d5 5. e5 Bg4 6. h3 Bxf3 7. Qxf3 e6 8. Be3 Nd7 9. Bd3 Ne7 10. g4 c5 11. c3 h5 12. Nd2 Qb6 13. O-O-O cxd4 14. Bxd4 Qc7 15. Kb1 O-O-O 16. Bxa7 Nc5 17. Bxc5 Qxc5 18. Nb3 Qb6 19. g5 Nc6 20. c4 Bf8 21. cxd5 Rxd5 22. Be4 Rxd1+ 23. Rxd1 Be7 24. Rc1 Kc7 25. Bxc6 bxc6 26. Na5 c5 27. Nc4 Qc6 28. Qxc6+ Kxc6 29. Rd1 Rb8 30. Kc2 Ra8 31. a3 Kb5 32. b3 Kc6 33. Kc3 Ra7 34. Rd3 Ra8 35. Kb2 Rb8 36. Kc2 Ra8 37. a4 Rb8 38. Kc3 Rb4 39. Na3 Rxf4 40. Nc4 Bxg5 41. Rd6+ Kc7 42. Ra6 Rf3+ 43. Kb2 Rxh3 44. Ra7+ Kc6 45. Rxf7 Rg3 46. a5 Rg2+ 47. Kb1 Rg1+ 48. Kb2 Rg2+ 49. Kc3 Ra2 50. Rg7 Bc1 51. Rxg6 Kd5 52. Rg8 h4 53. Rh8 Bg5 54. Rh5 Bf4 55. Nb6+ Kc6 56. Nc4 Kd5 57. Rxh4 Bxe5+ 58. Kd3 Bd4 59. Rh5+ Kc6 60. Rh6 Kd5 61. Rh5+ e5 62. Ne3+ Kc6 63. Rh6+ Kb5 64. Nc4 Ra1 65. Rb6# 1-0


[Site "https://www.chess.com"]

[Event "Titled Tuesday Blitz July 25 Late 2023"]
[White "Piesik, Piotr"]
[Black "Reprintsev, Alexander"]
[WhiteFideId "1136194"]
[BlackFideId "14100541"]
[WhiteElo "2596"]
[BlackElo "2439"]
[Result "1-0"]
[Round "3"]
[TimeControl "180+2"]
[Date "2023.07.25"]
[WhiteClock "0:00:34"]
[BlackClock "0:00:06"]
[Board "90"]

1. Nf3 Nc6 2. g3 e5 3. d3 d5 4. Bg2 Bg4 5. O-O Be7 6. Nbd2 h5 7. h3 Be6 8. e4 dxe4 9. dxe4 Qd7 10. h4 O-O-O 11. Qe2 Nd4 12. Nxd4 exd4 13. e5 Bd5 14. Ne4 f5 15. Ng5 Bxg2 16. Kxg2 Nh6 17. Bf4 Qd5+ 18. Qf3 Ng4 19. Rfe1 Rhe8 20. Qxd5 Rxd5 21. Nf3 Bb4 22. Re2 d3 23. cxd3 Rxd3 24. e6 Bd6 25. Bg5 Be7 26. Rc1 Bxg5 27. Nxg5 c6 28. Rc5 g6 29. b4 a6 30. a4 Rb3 31. Rc4 Kc7 32. a5 Re7 33. Rd4 Nf6 34. Rc2 Rb1 35. Rc5 Re1 36. Rc3 Ne4 37. Nxe4 Rxe4 38. Rxe4 fxe4 39. Rc5 Rxe6 40. Kf1 Kd6 41. Rg5 Ke7 42. Ke2 Kf6 43. Ke3 Re5 44. Kf4 Rxg5 45. hxg5+ Ke6 46. Kxe4 Kd6 47. Kd4 Ke6 48. Kc5 Kd7 49. Kb6 Kc8 50. f4 Kb8 51. f5 gxf5 52. g6 1-0


[Site "https://www.chess.com"]

[Event "Titled Tuesday Blitz July 25 Late 2023"]
[White "Andrej2004"]
[Black "Goncalves, Davi Sulzbacher"]
[BlackFideId "2154510"]
[WhiteElo "2594"]
[BlackElo "2435"]
[Result "0-1"]
[Round "3"]
[TimeControl "180+2"]
[Date "2023.07.25"]
[WhiteClock "0:01:52"]
[BlackClock "0:01:49"]
[Board "91"]

1. c4 e5 2. Nc3 Nc6 3. g3 g6 4. Bg2 Bg7 5. b3 Nge7 6. Bb2 O-O 7. d3 d6 8. Nf3 Be6 9. O-O h6 10. a3 f5 11. Qc2 g5 12. b4 g4 13. Nd2 f4 14. Nd5 Nf5 15. gxf4 Nfd4 16. Qd1 exf4 17. e3 Nf3+ 18. Bxf3 gxf3 19. Bxg7 Qg5+ 20. Kh1 Qg2# 0-1


[Site "https://www.chess.com"]

[Event "Titled Tuesday Blitz July 25 Late 2023"]
[White "Sivakumar, Shaashwath"]
[Black "Jorajuria Mendoza, Algol"]
[WhiteFideId "30912156"]
[BlackFideId "5128897"]
[WhiteElo "2593"]
[BlackElo "2433"]
[Result "1-0"]
[Round "3"]
[TimeControl "180+2"]
[Date "2023.07.25"]
[WhiteClock "0:02:43"]
[BlackClock "0:02:33"]
[Board "92"]

1. d4 d5 2. c4 e6 3. Nc3 Bb4 4. cxd5 exd5 5. Bf4 Nf6 6. e3 c5 7. dxc5 Qa5 8. Bd3 Bxc3+ 9. bxc3 Qxc3+ 10. Kf1 Qxc5 11. Rc1 1-0


[Site "https://www.chess.com"]

[Event "Titled Tuesday Blitz July 25 Late 2023"]
[White "Arnold, Ken"]
[Black "Krishnan, Varun"]
[WhiteFideId "2056836"]
[BlackFideId "5054508"]
[WhiteElo "2432"]
[BlackElo "2591"]
[Result "1-0"]
[Round "3"]
[TimeControl "180+2"]
[Date "2023.07.25"]
[WhiteClock "0:01:34"]
[BlackClock "0:00:00"]
[Board "93"]

1. d4 c6 2. c4 Qa5+ 3. Nc3 Qh5 4. e4 Qxd1+ 5. Nxd1 d6 6. Nc3 Nf6 7. f3 g6 8. Be3 Bg7 9. Bd3 O-O 10. Nge2 Nbd7 11. Rc1 e5 12. d5 cxd5 13. Nxd5 Nxd5 14. cxd5 b6 15. Bb5 Nc5 16. b4 Nb7 17. Ba6 Rb8 18. Kd2 f5 19. Rc7 fxe4 20. fxe4 Nc5 21. bxc5 Bxa6 22. cxd6 Rbd8 23. Rhc1 Rxd6 24. Rxa7 Bb5 25. Rcc7 Bf6 26. a4 Be8 27. Bh6 Rf7 28. Rxf7 Bxf7 29. Ra8+ Rd8 30. Rxd8+ Bxd8 31. Be3 Be8 32. Nc3 Kf7 33. Kd3 g5 34. Nb5 Bxb5+ 35. axb5 h6 36. h4 gxh4 37. Bxh6 Ke8 38. Ke2 Kd7 39. Kf3 Be7 40. Kg4 Kd6 41. Be3 Bd8 42. Kf5 Bc7 43. Bf2 Bd8 44. Kg4 Bc7 45. Kxh4 Bd8+ 46. Kg4 Bf6 47. Kf5 Bg7 48. Bxb6 Bh6 49. Bf2 Bd2 50. g4 Bf4 51. g5 Ke7 52. g6 1-0


[Site "https://www.chess.com"]

[Event "Titled Tuesday Blitz July 25 Late 2023"]
[White "Barria Santos, Jose Guilherme"]
[Black "Krzywda, Andrzej"]
[WhiteFideId "1939300"]
[BlackFideId "1114565"]
[WhiteElo "2584"]
[BlackElo "2432"]
[Result "1-0"]
[Round "3"]
[TimeControl "180+2"]
[Date "2023.07.25"]
[WhiteClock "0:01:13"]
[BlackClock "0:00:10"]
[Board "94"]

1. e4 e5 2. Nf3 Nf6 3. Nc3 Bb4 4. Nxe5 O-O 5. Nd3 Bxc3 6. dxc3 Nxe4 7. Be2 Re8 8. O-O d6 9. Bf3 Nd7 10. Re1 Ndc5 11. Nxc5 Nxc5 12. Be3 c6 13. Qd4 Ne6 14. Qd2 d5 15. Rad1 Qf6 16. b3 b6 17. c4 Bb7 18. cxd5 cxd5 19. Bxd5 Rad8 20. c4 Rd7 21. Qc2 Red8 22. Bxb7 Rxb7 23. Rxd8+ Qxd8 24. Bc1 Rd7 25. Bb2 Qg5 26. Qc3 h6 27. g3 Qg4 28. b4 Rd4 29. Rxe6 fxe6 30. Qxd4 1-0


[Site "https://www.chess.com"]

[Event "Titled Tuesday Blitz July 25 Late 2023"]
[White "Silva Lucena, Cristian"]
[Black "Hajiyev, Kanan"]
[WhiteFideId "2232588"]
[BlackFideId "13404148"]
[WhiteElo "2432"]
[BlackElo "2580"]
[Result "0-1"]
[Round "3"]
[TimeControl "180+2"]
[Date "2023.07.25"]
[WhiteClock "0:00:42"]
[BlackClock "0:00:07"]
[Board "95"]

1. e4 c6 2. d4 d5 3. e5 a6 4. c3 Bf5 5. h4 h5 6. Bd3 Bxd3 7. Qxd3 e6 8. Bg5 Qb6 9. Nd2 c5 10. c4 Ne7 11. dxc5 Qxc5 12. Bxe7 Bxe7 13. cxd5 Qxd5 14. Qxd5 exd5 15. Ngf3 Nc6 16. O-O-O Rc8 17. Kb1 O-O 18. Nb3 Rfd8 19. a3 f6 20. Rhe1 fxe5 21. Nxe5 Bxh4 22. g3 Bf6 23. Ng6 d4 24. Nc5 Ne5 25. Rxe5 Bxe5 26. Ne7+ Kf7 27. Nxc8 Rxc8 28. Nxb7 g5 29. f4 gxf4 30. gxf4 Rc7 31. fxe5 Rxb7 32. Rxd4 Ke6 33. Ra4 Rh7 34. Rxa6+ Kxe5 35. Rc6 h4 36. Rc1 h3 37. b4 h2 38. Rh1 Kf4 39. Kb2 Kg3 40. b5 Kg2 41. Rxh2+ Rxh2 42. Kc3 Kf3 43. a4 Ke4 44. b6 Kd5 45. b7 Rh8 46. a5 Kc6 47. a6 Kb6 48. Kc4 Kxa6 49. Kc5 Kxb7 0-1


[Site "https://www.chess.com"]

[Event "Titled Tuesday Blitz July 25 Late 2023"]
[White "Sivakumar, Shaaketh"]
[Black "Baches Garcia, Guillermo"]
[WhiteFideId "30940176"]
[BlackFideId "2209764"]
[WhiteElo "2580"]
[BlackElo "2432"]
[Result "1-0"]
[Round "3"]
[TimeControl "180+2"]
[Date "2023.07.25"]
[WhiteClock "0:00:35"]
[BlackClock "0:00:00"]
[Board "96"]

1. e4 c5 2. Nf3 d6 3. d4 cxd4 4. Qxd4 Nc6 5. Bb5 a6 6. Bxc6+ bxc6 7. c4 e5 8. Qd3 Qc7 9. Nc3 Be7 10. Be3 Nf6 11. h3 O-O 12. O-O Be6 13. Rac1 Nd7 14. b3 Nc5 15. Qc2 f5 16. exf5 Bxf5 17. Qe2 Bd3 18. Qd2 Bxf1 19. Rxf1 Ne6 20. Rd1 Nf4 21. Ne1 Rf6 22. Ne4 Rg6 23. Bxf4 exf4 24. Qxf4 Rf8 25. Qd2 Qa7 26. Kf1 Re6 27. Ng3 Bh4 28. Nh1 Qf7 29. Nf3 Bd8 30. Ng3 Bb6 31. Qc3 h6 32. Rd2 Bc5 33. Qc2 Qe7 34. Rd1 Ref6 35. Qc3 Qa7 36. Ne4 Re6 37. Qd3 Rfe8 38. Nfd2 Bb4 39. Ng3 Bxd2 40. Qxd2 Rf8 41. Kg1 Ref6 42. Ne4 Rf4 43. Re1 Qe7 44. f3 Qe5 45. Qxd6 Qxd6 46. Nxd6 Rd4 47. Ne4 a5 48. Kf2 a4 49. Re2 axb3 50. axb3 Rb8 51. Nc5 Rd1 52. Re7 Rbd8 53. Ne6 R8d7 54. Rxd7 Rxd7 55. Nc5 Ra7 56. g4 Kf7 57. Ke3 Ke7 58. h4 Kd6 59. Ne4+ Ke5 60. f4+ Ke6 61. Kd4 Ra1 62. f5+ Kd7 63. g5 hxg5 64. hxg5 Rf1 65. f6 gxf6 66. gxf6 Ke6 67. Kc5 Ke5 68. Nd6 Rxf6 69. Nb7 Rf3 70. b4 Rf6 71. Na5 Ke6 72. Kxc6 Ke7+ 73. Kc7 Rf4 74. b5 Ke6 75. b6 Rf7+ 76. Kc6 Ke5 77. b7 Rf8 78. Kc7 Kd4 79. b8=Q Rxb8 80. Kxb8 Kc5 81. Kc7 Kb4 82. Kb6 1-0


[Site "https://www.chess.com"]

[Event "Titled Tuesday Blitz July 25 Late 2023"]
[White "Trifan, Andrei Ioan"]
[Black "Pasti, Aron"]
[WhiteFideId "12967068"]
[BlackFideId "785857"]
[WhiteElo "2578"]
[BlackElo "2430"]
[Result "1-0"]
[Round "3"]
[TimeControl "180+2"]
[Date "2023.07.25"]
[WhiteClock "0:00:52"]
[BlackClock "0:00:03"]
[Board "97"]

1. e4 e5 2. Nf3 Nc6 3. Bb5 a6 4. Ba4 Nf6 5. d3 Bc5 6. c3 b5 7. Bc2 O-O 8. Nbd2 d5 9. Qe2 Bg4 10. h3 Bh5 11. g4 Bg6 12. Rg1 d4 13. h4 h6 14. Nb3 Bb6 15. h5 Bh7 16. g5 hxg5 17. Bxg5 dxc3 18. bxc3 Qd6 19. h6 g6 20. d4 exd4 21. e5 Nxe5 22. Nxe5 Rfe8 23. f4 d3 24. Bxd3 Bxg1 25. O-O-O Qb6 26. Qg2 Be3+ 27. Kc2 Nh5 28. Rf1 f6 29. Bxg6 fxg5 30. Qxg5 Bxg6+ 31. Nxg6 Kh7 32. Ne5 Qxh6 33. Qf5+ Kg7 34. Qf7+ Kh8 35. Ng6+ Qxg6+ 36. Qxg6 1-0


[Site "https://www.chess.com"]

[Event "Titled Tuesday Blitz July 25 Late 2023"]
[White "Veiga, Jose Francisco R P Neves"]
[Black "Olsson, William"]
[WhiteFideId "1930087"]
[BlackFideId "1741721"]
[WhiteElo "2576"]
[BlackElo "2429"]
[Result "0-1"]
[Round "3"]
[TimeControl "180+2"]
[Date "2023.07.25"]
[WhiteClock "0:00:45"]
[BlackClock "0:00:07"]
[Board "98"]

1. c4 Nf6 2. Nc3 e5 3. Nf3 Nc6 4. e4 Bb4 5. d3 O-O 6. Be2 a5 7. O-O d6 8. Bg5 h6 9. Be3 Ng4 10. Bc1 Bxc3 11. bxc3 f5 12. Nd2 Nf6 13. exf5 Bxf5 14. Rb1 Rb8 15. f4 e4 16. Nb3 exd3 17. Bxd3 Ne4 18. Qc2 d5 19. cxd5 Qxd5 20. c4 Qe6 21. Re1 Nb4 22. Qd1 Nxd3 23. Qxd3 Rbd8 24. Qf3 Qxc4 25. Bb2 Kh7 26. Rbc1 Qf7 27. Nd4 Nd6 28. Rc5 Qxa2 29. Rxa5 Qxb2 30. Nxf5 Rxf5 31. Qd3 Qb6+ 32. Kh1 Qxa5 33. g4 Qd5+ 34. Qxd5 Rxd5 35. Re7 c6 36. Rc7 b5 37. Rxc6 Nc4 38. Kg2 Rd2+ 39. Kf3 R8d3+ 40. Ke4 Re3+ 41. Kf5 Rd5# 0-1


[Site "https://www.chess.com"]

[Event "Titled Tuesday Blitz July 25 Late 2023"]
[White "Medina Paz, Miguel"]
[Black "Sztokbant, Bernardo Vainzoff"]
[WhiteFideId "7300379"]
[BlackFideId "2115956"]
[WhiteElo "2576"]
[BlackElo "2428"]
[Result "1-0"]
[Round "3"]
[TimeControl "180+2"]
[Date "2023.07.25"]
[WhiteClock "0:01:33"]
[BlackClock "0:00:30"]
[Board "99"]

1. e4 c5 2. Nf3 Nc6 3. d4 cxd4 4. Nxd4 Nf6 5. Nc3 e5 6. Ndb5 d6 7. Bg5 a6 8. Na3 b5 9. Bxf6 gxf6 10. Nd5 Be6 11. c3 Bg7 12. Nc2 f5 13. exf5 Bxf5 14. Nce3 Be6 15. Bd3 O-O 16. Qh5 h6 17. Be4 Rc8 18. Rd1 Qg5 19. Qxg5 hxg5 20. Nf5 Rcd8 21. g4 Bxf5 22. Bxf5 Rfe8 23. h4 gxh4 24. Rxh4 Ne7 25. Be4 Nxd5 26. Rxd5 Re6 27. g5 Kf8 28. Ke2 Re7 29. Bf5 Rc7 30. Kd3 Rc5 31. Be4 Rxd5+ 32. Bxd5 Rc8 33. a4 Rc5 34. Ke4 bxa4 35. c4 Rc8 36. Rh3 Ke8 37. Rf3 Rc7 38. Ra3 Rc5 39. Rxa4 a5 40. b4 axb4 41. Rxb4 Rc7 42. Rb8+ Ke7 43. Ra8 Bf8 44. Kf5 Rd7 45. Bc6 Rc7 46. Re8# 1-0


[Site "https://www.chess.com"]

[Event "Titled Tuesday Blitz July 25 Late 2023"]
[White "Willy, Stephen"]
[Black "Cappelletto, Joshuaede"]
[WhiteFideId "30981468"]
[BlackFideId "2824383"]
[WhiteElo "2428"]
[BlackElo "2573"]
[Result "0-1"]
[Round "3"]
[TimeControl "180+2"]
[Date "2023.07.25"]
[WhiteClock "0:00:36"]
[BlackClock "0:01:17"]
[Board "100"]

1. e4 c5 2. c3 Nf6 3. e5 Nd5 4. Nf3 d6 5. exd6 e6 6. d4 cxd4 7. Qxd4 Nc6 8. Bb5 Bd7 9. Bxc6 Bxc6 10. Ne5 Qxd6 11. Nd2 Nf6 12. Qxd6 Bxd6 13. Nxc6 bxc6 14. O-O Ke7 15. Nc4 Rhd8 16. Be3 Nd5 17. Bd4 f6 18. Nxd6 Kxd6 19. Rad1 e5 20. Be3 Ke6 21. Bc5 Nf4 22. f3 Rd5 23. Be3 Nd3 24. Rd2 Rad8 25. Rfd1 Nxb2 26. Rxd5 Rxd5 27. Rxd5 cxd5 28. Bxa7 Na4 29. a3 Nxc3 30. Bc5 d4 31. Kf2 Kd5 32. Bf8 g6 33. Ke1 f5 34. Kd2 e4 35. fxe4+ fxe4 36. Bb4 Kc4 37. Bf8 e3+ 38. Ke1 d3 0-1


[Site "https://www.chess.com"]

[Event "Titled Tuesday Blitz July 25 Late 2023"]
[White "Vovk, Orest"]
[Black "Bettalli, Francesco"]
[WhiteFideId "14113490"]
[BlackFideId "2816453"]
[WhiteElo "2573"]
[BlackElo "2428"]
[Result "0-1"]
[Round "3"]
[TimeControl "180+2"]
[Date "2023.07.25"]
[WhiteClock "0:00:00"]
[BlackClock "0:00:08"]
[Board "101"]

1. g4 h5 2. g5 d6 3. Bg2 Nc6 4. d4 e5 5. Bxc6+ bxc6 6. dxe5 Bf5 7. exd6 Bxd6 8. Nf3 Qe7 9. Nc3 Bg4 10. Qd3 Rd8 11. Qe4 Be6 12. Qxc6+ Kf8 13. Bd2 h4 14. O-O-O Bf5 15. Be3 Rb8 16. Nd4 Bd7 17. Qe4 Be6 18. Nxe6+ fxe6 19. Qf3+ Ke8 20. Qc6+ Kf7 21. Bxa7 Rb4 22. Be3 Be5 23. g6+ Kxg6 24. Rhg1+ Kh7 25. Bc5 Bxc3 26. Bxe7 Bxb2+ 27. Kd2 Nxe7 28. Qxe6 Rd4+ 29. Ke3 Nd5+ 30. Qxd5 Re8+ 31. Kf3 Rf8+ 32. Kg2 h3+ 33. Kh1 Rxd5 34. Rxd5 Rxf2 35. Rd7 Be5 36. Rg4 Rxh2+ 37. Kg1 Rxe2 38. Rh4+ Kg6 39. Rxh3 Rxc2 40. Kf1 Rxa2 41. Re3 Kf5 42. Re2 Rxe2 43. Kxe2 g5 44. Kf3 g4+ 45. Ke3 g3 46. Rf7+ Ke6 47. Rf8 c5 48. Kf3 c4 49. Ke4 Bd6 50. Re8+ Kd7 51. Ra8 Kc6 52. Ra6+ Kc5 53. Ra1 Kb4 54. Rb1+ Kc3 55. Rc1+ Kb3 56. Kd4 Kb2 57. Rg1 c3 0-1


[Site "https://www.chess.com"]

[Event "Titled Tuesday Blitz July 25 Late 2023"]
[White "ArturoCaceres"]
[Black "Pham, Le Thao Nguyen"]
[BlackFideId "12401226"]
[WhiteElo "2426"]
[BlackElo "2570"]
[Result "0-1"]
[Round "3"]
[TimeControl "180+2"]
[Date "2023.07.25"]
[WhiteClock "0:00:01"]
[BlackClock "0:00:18"]
[Board "102"]

1. Nf3 d5 2. d4 c6 3. g3 Bf5 4. c4 e6 5. Qb3 Qb6 6. c5 Qxb3 7. axb3 Bxb1 8. Rxb1 Nd7 9. Ra1 a6 10. b4 Rc8 11. Bg2 Be7 12. Nd2 Ngf6 13. f4 O-O 14. Nb3 Bd8 15. h3 Ne4 16. g4 f5 17. g5 Bc7 18. e3 Kf7 19. h4 h6 20. Bd2 Rh8 21. Bxe4 fxe4 22. Kf2 hxg5 23. hxg5 Rcg8 24. Bc3 Nf8 25. Rag1 Ng6 26. Kg3 Ne7 27. Nd2 Nf5+ 28. Kf2 Bxf4 29. exf4 e3+ 30. Ke2 exd2 31. Kxd2 Ng3 32. Rxh8 Ne4+ 33. Ke2 Rxh8 34. Rg2 Kg6 35. Bd2 Kf5 36. Be3 Rh1 37. Kd3 Rh3 38. Ke2 Ng3+ 39. Kf2 Nh5 40. Ke2 g6 41. Kd2 Ke4 42. Re2 Ng3 43. Rf2 Nf5 44. Kc2 Nxe3+ 45. Kb1 Kxd4 46. Ka2 Ke4 47. b3 d4 48. Ka3 d3 49. Ka4 Rh1 50. Ka5 Nd5 51. Ra2 d2 52. b5 axb5 53. b4 d1=Q 54. Re2+ Qxe2 55. f5 Qa2# 0-1


[Site "https://www.chess.com"]

[Event "Titled Tuesday Blitz July 25 Late 2023"]
[White "Mickiewicz, Piotr"]
[Black "Al-Tarboush, Ward"]
[WhiteFideId "1114891"]
[BlackFideId "7601450"]
[WhiteElo "2425"]
[BlackElo "2565"]
[Result "1-0"]
[Round "3"]
[TimeControl "180+2"]
[Date "2023.07.25"]
[WhiteClock "0:00:04"]
[BlackClock "0:00:00"]
[Board "103"]

1. Nf3 d5 2. e3 c5 3. b3 Nc6 4. Bb2 a6 5. c4 d4 6. d3 e5 7. Be2 Nf6 8. O-O Bd6 9. exd4 exd4 10. a3 O-O 11. b4 cxb4 12. axb4 Bxb4 13. Ba3 Bxa3 14. Nxa3 Bg4 15. h3 Bf5 16. Rb1 Qe7 17. Nc2 Rad8 18. Qd2 Rfe8 19. Rfe1 Qd7 20. Bf1 h6 21. Rxe8+ Rxe8 22. Qf4 Rd8 23. g4 Be6 24. Bg2 a5 25. Ne5 Nxe5 26. Qxe5 Qa4 27. Nxd4 Qa2 28. Re1 a4 29. Nxe6 fxe6 30. Qxe6+ Kh8 31. h4 Re8 32. Qxe8+ Nxe8 33. Rxe8+ Kh7 34. Be4+ g6 35. h5 a3 36. hxg6+ Kg7 37. Re7+ Kf6 38. g7 Kxe7 39. g8=Q Qb1+ 40. Kg2 a2 41. Qg7+ Kd6 42. Qd4+ Kc7 43. Qe5+ Kb6 44. c5+ Ka7 45. d4 Qb2 46. c6 a1=Q 47. c7 Qbc1 48. Qc5+ Qxc5 49. dxc5 Qe5 50. c8=Q Qxe4+ 51. Kg3 Qe5+ 52. Kg2 Qe4+ 53. f3 Qe2+ 54. Kg3 Qe5+ 55. Kh3 Qe3 56. Qf5 Qf2 57. Qd5 Qe2 58. Kg3 Qe8 59. Kf4 Qf8+ 60. Ke4 Qe7+ 61. Kd3 Qe1 62. Qa2+ Kb8 63. Qg8+ Ka7 64. Qd5 Qd1+ 65. Ke4 Qe2+ 66. Kf5 Qc2+ 67. Kf6 Qh7 68. Qa2+ Kb8 69. Qf7 Qd3 70. Kg7 Qe3 71. Qf8+ Ka7 72. f4 Qf3 73. Qf5 Qc3+ 74. Kxh6 Qh8+ 75. Kg5 Qg7+ 76. Kh4 Qh8+ 77. Kg3 Qc3+ 78. Kh4 Qh8+ 79. Kg5 Qg7+ 80. Qg6 Qe7+ 81. Kh5 Qxc5+ 82. f5 b5 83. Qf7+ Ka6 84. Qe6+ Ka5 85. Kg6 Qc2 86. Kg7 Qc3+ 87. f6 b4 88. g5 b3 89. Qd5+ Ka4 90. Qa8+ Kb4 91. Qb7+ Ka3 92. Kf8 b2 93. f7 Qb4+ 94. Qxb4+ Kxb4 95. Kg8 b1=Q 96. f8=Q+ Kc4 97. Qf7+ Kd4 98. Qf6+ Ke3 99. g6 Qb8+ 100. Kh7 Qh2+ 101. Kg7 Qc7+ 102. Qf7 Qe5+ 103. Kg8 Qb8+ 104. Qf8 Qb3+ 105. Kh7 Qc2 106. Qf6 Qc7+ 107. g7 Ke4 108. Qg6+ Kd5 109. Kh8 Qc3 110. Qf7+ Kd6 111. Qf8+ Ke6 112. Qe8+ Kd6 113. Kg8 Qc4+ 114. Kf8 Qf4+ 115. Qf7 Qh6 116. Qe7+ Kd5 117. Ke8 Qh7 118. Qf7+ Kd6 119. g8=Q Qe4+ 120. Kf8 Qa8+ 121. Qe8 Qf3+ 122. Qgf7 1-0


[Site "https://www.chess.com"]